 Dungeon Crawl Stone Soup version 0.21-a0-2-ge494091 (webtiles) character file.

112 tilp the Sneak (level 4, -8/21 HPs)
             Began as a Spriggan Enchanter on May 21, 2017.
             Killed from afar by an orc wizard (10 damage)
             ... with a puff of frost
             ... on level 3 of the Dungeon.
             The game lasted 00:14:02 (3642 turns).

tilp the Sneak (Spriggan Enchanter)                 Turns: 3642, Time: 00:14:03

Health: -8/21      AC:  2    Str:  4    XL:     4   Next: 63%
Magic:  2/9        EV: 18    Int: 16    God:
Gold:   138        SH:  0    Dex: 17    Spells: 6/9 levels left

rFire    . . .     SeeInvis +   a - +1 dagger
rCold    . . .     Gourm    .   (shield restricted)
rNeg     . . .     Faith    .   l - +0 robe (curse)
rPois    .         Spirit   .   (helmet restricted)
rElec    .         Reflect  .   (no cloak)
rCorr    .         Harm     .   (gloves unavailable)
MR       .....                  (boots unavailable)
Stlth    ++++......             (no amulet)
Regen    0.1/turn               (no ring)
MPRegen  0.2/turn               (no ring)

@: very quick
A: unfitting armour, see invisible, herbivore 3, speed 3, slow metabolism 2
a: no special abilities


You were on level 3 of the Dungeon.
You were not hungry.

You visited 1 branch of the dungeon, and saw 3 of its levels.

You collected 138 gold pieces.

Inventory:

Hand Weapons
 a - a +1 dagger (weapon)
 e - a +0 short sword
Missiles
 j - 72 stones (quivered)
Armour
 b - a +0 robe
 l - a cursed +0 robe (worn)
Jewellery
 q - an uncursed amulet of harm {unknown}
 s - a +3 amulet of reflection {unknown}
Wands
 t - a wand of scattershot (3/9)
Scrolls
 g - 7 scrolls of identify {unknown}
 i - 2 scrolls of remove curse {unknown}
 k - 2 scrolls of teleportation {unknown}
 n - 2 scrolls of recharging {unknown}
 p - a scroll of blinking {unknown}
 r - a scroll of enchant weapon {unknown}
 v - a scroll of fear {unknown}
 w - 3 scrolls of amnesia {unknown}
Potions
 h - a potion of agility {unknown}
 m - a potion of haste {unknown}
 o - a potion of might {unknown}
 u - a potion of mutation {unknown}
 x - a potion of lignification {unknown}
 z - a potion of ambrosia {unknown}
 A - a potion of heal wounds {unknown}
 B - a potion of magic {unknown}
Books
 c - a book of Maledictions

   Spells                             Type                      Level
   a - Corona                         Hexes                        1
   b - Ensorcelled Hibernation        Hexes/Ice                    2
   c - Confuse                        Hexes                        3
   d - Tukima's Dance                 Hexes                        3
   e - Dazzling Spray                 Conjuration/Hexes            3
Comestibles
 d - a bread ration
 f - 2 royal jellies


   Skills:
 * Level 2.1 Short Blades
 - Level 3.0 Dodging
 * Level 6.8 Stealth
 + Level 3.3 Spellcasting
 + Level 4.2 Hexes


You had 6 spell levels left.
You knew the following spells:

 Your Spells              Type           Power        Failure   Level  Hunger
a - Corona                Hex            ###....      3%          1    None
b - Ensorcelled Hibernat  Hex/Ice        #.....       12%         2    ##.....


Dungeon Overview and Level Annotations

Branches:
Dungeon (3/15)

Altars:


Innate Abilities, Weirdness & Mutations

You are very small and have problems with some larger weapons.
You are too small for most types of armour.
You have supernaturally acute eyesight. (SInv)
You are a herbivore.
You cover ground extremely quickly.
You need consume almost no food.


Message History

You hit the orc wizard but do no damage.
The orc wizard is heavily wounded.
The orc wizard misses you.
Unknown command.
You hit the orc wizard but do no damage.
The orc wizard is heavily wounded.
The orc wizard barely misses you.
You hit the orc wizard but do no damage.
The orc wizard is heavily wounded.
The orc wizard casts a spell.
The orc wizard seems to speed up.
You completely miss the orc wizard.
The orc wizard is heavily wounded.
The orc wizard gestures at you while chanting.
The magic dart hits you!
* * * LOW HITPOINT WARNING * * *
Unknown command.
The orc wizard casts a spell at you. The puff of frost hits you!
You die...

#....# #.#.# #.# #.#.# #....#
#.#.# #.####.#.# #..#.# #.#.#
#.....[...
####.#####.#.################.#.#
#......)...#..................#>.
#.##..###########################
.......# #.......................
#......###.######################
................@.ol............<
.......###.####.#####.###########
#.###..# #.# #.# .# ..# ##.# #.#
#.# .# ### #.###)# #.# .# #..##.#
#.# .# ##.##.# #.# .#
#..#.####'#####.#
##.#.##.........#


You could see an orc wizard and a leopard gecko.

Vanquished Creatures
  A howler monkey (D:3)
  An adder (D:2)
  A worm (D:2)
  5 dart slugs
  2 leopard geckos
  9 bats
  3 giant cockroaches
  3 goblins
  7 hobgoblins
  A ball python (D:1)
  5 frilled lizards
  6 kobolds
  7 rats
51 creatures vanquished.

Notes
Turn   | Place    | Note
-------+----------+-------------------------------------------
     0 | D:1      | tilp the Spriggan Enchanter began the quest for the Orb.
     0 | D:1      | Reached XP level 1. HP: 9/9 MP: 5/5
   589 | D:1      | Reached XP level 2. HP: 10/13 MP: 6/6
   783 | D:1      | Reached skill level 5 in Stealth
  1122 | D:1      | Learned a level 2 spell: Ensorcelled Hibernation
  1342 | D:1      | Reached XP level 3. HP: 7/16 MP: 5/8
  3332 | D:3      | Reached skill level 6 in Stealth
  3408 | D:3      | Reached XP level 4. HP: 21/21 MP: 6/9
  3561 | D:3      | Found a faded altar of an unknown god.
  3642 | D:3      | Killed from afar by an orc wizard

Vault maps used:
D:1:      eino_arrival_cavern_a
D:3:      chequers_ecumenical_altar_simple_redux

Skill      XL: |  1  2  3 |
---------------+----------+-----
Stealth        | 5 6 |  6.8
Spellcasting   | 3 |  3.3
Hexes          | 4 |  4.2
Short Blades   | 2 |  2.1
Dodging        | |  3.0

Action                   |  1- 3 |  4- 6 || total
-------------------------+-------+-------++-------
Melee: Dagger            |   184 |    16 ||   200
 Cast: Corona            |    13 |       ||    13
       Ensorcelled Hiber |    20 |     7 ||    27
 Stab: Sleeping          |    25 |     2 ||    27
       Distracted        |     1 |       ||     1
  Eat: Royal jelly       |     1 |       ||     1
Armor: Robe              |    28 |     1 ||    29
Dodge: Dodged            |   152 |     7 ||   159
